Map: The Vermillion Problem

Players

BunnyLove

  • Race: Terran Terran

Roflmao

  • Race: Terran Terran
  • Spawn Location: 11:00

VOD

Have the link to the VOD?

Description

Time

  • Played on: March 17, 2018, 5:54 p.m.
  • Length: 23:47
Show
View Real Time Build Order
Export as new Build Order

BunnyLove Terran 

Build Orders:  

Get SALT Encoding   

  12  0:05  Starport Tech Lab  
  12  0:08  SCV  
  13  0:25  Supply Depot, SCV  
  15  0:42  SCV  
  16  1:00  SCV  
  16  1:06  Assault Galleon  
  16  1:17  SCV  
  17  1:25  Refinery  
  18  1:34  SCV  
  18  1:35  Refinery  
  19  1:51  SCV  
  19  2:08  SCV  
  20  2:12  Assault Galleon  
  20  2:21  Engineering Bay  
  20  2:25  SCV  
  22  2:42  SCV  
  22  2:54  Supply Depot  
  22  2:59  SCV  
  23  3:16  SCV  
  25  3:33  SCV  
  25  3:41  Command Center  
  26  3:50  SCV  
  26  3:54  Jetpack Overdrive  
  26  4:07  SCV  
  28  4:10  Reaper  
  28  4:12  Reaper  
  30  4:24  Reaper, SCV  
  30  4:29  Reaper  
  31  4:35  Reaper  
  32  4:46  Reaper x2, SCV  
  35  4:57  LE9 Cluster Charges  
  36  5:02  SCV  
  36  5:03  Reaper x2  
  38  5:12  Reaper  
  38  5:13  Reaper  
  38  5:19  SCV  
  41  5:22  Reaper  
  42  5:33  Supply Depot  
  42  5:35  Reaper  
  42  5:36  Reaper  
  44  5:45  Reaper  
  44  5:46  Reaper  
  46  5:55  Reaper  
  46  5:56  Reaper  
  48  6:05  Reaper x2  
  50  6:12  Armory  
  50  6:15  Reaper  
  50  6:16  Reaper  
  52  6:28  Reaper x2  
  49  6:50  Reaper x2  
  51  7:00  Reaper x2  
  51  7:09  Reaper  
  53  7:17  SCV  
  53  7:18  Strike Fighter Platform, Supply Depot  
  56  7:21  Command Center  
  58  7:30  SCV  
  58  7:33  Reaper x2  
  58  7:34  SCV  
  59  7:43  Reaper x2  
  59  7:47  SCV  
  63  7:51  SCV  
  63  7:53  Reaper  
  63  7:57  Reaper  
  66  8:03  Reaper  
  66  8:04  SCV  
  66  8:07  Reaper  
  66  8:08  Horner Weapons Level 1  
  68  8:16  SCV  
  68  8:21  SCV  
  68  8:29  Reaper x2  
  69  8:37  SCV  
  69  8:38  SCV  
  69  8:39  Reaper  
  73  8:51  Supply Depot  
  73  8:54  SCV  
  73  8:55  SCV  
  68  9:22  SCV  
  68  9:23  SCV  
  68  9:27  Reaper x2  
  68  9:37  Reaper x2  
  68  9:39  SCV  
  72  9:42  Supply Depot  
  72  9:43  SCV  
  72  9:46  Reaper  
  72  9:47  Reaper  
  74  9:56  Reaper, SCV  
  77  10:00  SCV  
  77  10:03  Refinery  
  77  10:05  Reaper  
  77  10:06  Reaper  
  77  10:07  Refinery  
  80  10:13  SCV  
  80  10:15  Fusion Core  
  80  10:17  Strike Fighter Platform  
  82  10:20  Reaper x2  
  82  10:28  SCV  
  85  10:30  Reaper  
  85  10:31  Supply Depot  
  85  10:33  Reaper  
  87  10:40  Reaper  
  87  10:46  Reaper  
  89  10:50  Reaper  
  89  10:51  Assault Galleon  
  89  10:56  Reaper  
  91  11:06  Strike Fighter Platform  
  93  11:11  Multi-Threaded Sensors, Horner Weapons Level 2  
  93  11:17  Reaper  
  93  11:18  Reaper  
  95  11:27  Reaper  
  95  11:28  Reaper  
  97  11:37  Reaper  
  97  11:38  Reaper  
  96  11:47  Reaper x2  
  98  11:57  Reaper x2  
  98  12:12  Reaper  
  98  12:13  Reaper  
  98  12:14  Trigger Override  
  96  12:22  Reaper  
  96  12:23  Reaper  
  97  12:32  Reaper  
  97  12:33  Reaper  
  104  12:44  SCV x2  
  104  12:47  Assault Galleon  
  110  12:50  Assault Galleon  
  110  12:54  Drone Hangar  
  111  13:00  Drone Hangar x2  
  111  13:01  Napalm Payload, SCV  
  102  13:26  Theia Raven  
  97  13:39  Asteria Wraith  
  103  13:42  Reaper x2  
  105  13:52  Reaper x2  
  107  14:09  Reaper x2  
  108  14:26  Reaper, SCV x2  
  108  14:27  Reaper  
  112  14:36  Reaper  
  112  14:38  Reaper  
  113  14:45  SCV x2  
  113  14:46  Reaper  
  113  14:48  Reaper  
  117  14:56  Reaper x3  
  117  14:58  Reaper  
  123  15:02  SCV x2  
  123  15:06  Reaper x3  
  123  15:16  Reaper x2  
  123  15:19  SCV x2  
  127  15:31  Reaper x2  
  127  15:36  SCV  
  127  15:38  Reaper  
  127  15:39  Reaper  
  132  15:41  Reaper, Asteria Wraith  
  132  15:49  Reaper  
  142  16:06  Supply Depot  
  142  16:36  Reaper x4  
  151  16:41  SCV x2  
  151  16:46  Reaper, Supply Depot  
  151  16:48  Reaper  
  151  16:49  Reaper x2, Supply Depot  
  155  16:54  Drone Hangar  
  155  16:58  SCV x2  
  157  17:02  Reaper x2  
  157  17:03  Reaper  
  141  17:23  Reaper x3  
  141  17:25  Reaper  
  143  17:33  Reaper  
  143  17:35  Reaper x2  
  143  17:36  Reaper  
  143  17:37  Horner Weapons Level 3  
  143  17:38  Asteria Wraith  
  155  17:48  Reaper x2  
  157  18:08  Tactical Jump  
  157  18:10  Supply Depot  
  161  18:45  Strike Fighter Platform  
  161  18:48  Strike Fighter Platform  
  159  18:52  Reaper x2  
  159  18:53  Reaper, Strike Fighter Platform  
  159  18:54  Reaper  
  159  18:55  Strike Fighter Platform  
  160  19:11  Unregistered Cloak System  
  159  19:47  Reaper x3  
  162  20:03  Reaper  
  162  20:04  Reaper x2  
  162  20:07  Reaper x2  
  165  20:11  Asteria Wraith  
  165  20:17  Reaper  
  165  20:18  Reaper  
  175  20:25  Strike Fighter Platform  
  175  20:28  Strike Fighter Platform  
  175  20:29  Reaper x2, Strike Fighter Platform  
  183  20:47  SCV  
  183  20:48  SCV  
  179  21:38  Reaper x2  
  179  21:39  Reaper  
  164  21:44  Reaper  
  164  21:45  Reaper  
  162  22:15  Reaper x2  
  162  22:16  Reaper  
  165  22:21  Reaper x2  
  165  22:25  Reaper x2  
  165  22:26  Reaper  
  170  22:30  Reaper  
  170  22:31  Reaper  
  170  22:35  Reaper x3  
  170  22:40  Reaper  
  170  22:41  Reaper  
  170  22:45  Reaper x3  
  169  23:05  Reaper  
  169  23:06  Reaper x2  
  169  23:07  Theia Raven  
Show
View Real Time Build Order
Export as new Build Order

Roflmao Terran 

Build Orders:  

Get SALT Encoding   

Tags
 
Add a new tag
Caveats
  • Supply blocks, unpowered buildings, or Contaminate may cause inaccurate times.
  • Supply counts are checked every 10 seconds.